 Dungeon Crawl Stone Soup version 0.20.1-1-g8b1a95d (webtiles) character file.

319 Vemn the Caller (level 6, 0/34 HPs)
             Began as a Kobold Summoner on July 20, 2017.
             Slain by a hound (1 damage)
             ... on level 5 of the Dungeon.
             The game lasted 00:27:04 (3938 turns).

Vemn the Caller (Kobold Summoner)                   Turns: 3938, Time: 00:27:05

Health: 0/34       AC: 11    Str:  6    XL:     6   Next: 74%
Magic:  4/12       EV: 10    Int: 18    God:
Gold:   80         SH:  3    Dex: 15    Spells: 12/13 levels left

rFire    . . .     SeeInvis .   e - +0 spear
rCold    . . .     Gourm    .   (shield restricted)
rNeg     . . .     Faith    .   f - +0 scale mail
rPois    .         Spirit   .   (no helmet)
rElec    .         Reflect  +   (no cloak)
rCorr    .         Harm     .   (no gloves)
MR       .....                  (no boots)
Stlth    +.........             a - +3 amulet of reflection
Regen    0.2/turn               g - +5 ring of protection
MPRegen  0.2/turn               (no ring)

@: very slightly contaminated
A: carnivore 3
a: no special abilities


You were on level 5 of the Dungeon.
You were full.

You visited 1 branch of the dungeon, and saw 4 of its levels.

You collected 80 gold pieces.

Inventory:

Hand Weapons
 e - a +0 spear (weapon)
 i - a +2 flail of holy wrath
 o - a +1 rapier of venom
Armour
 f - a +0 scale mail (worn)
Jewellery
 a - a +3 amulet of reflection (around neck)
 g - a +5 ring of protection (left hand)
Scrolls
 d - 2 scrolls of identify
Books
 b - a book of Callings

   Spells                             Type                      Level
   a - Summon Small Mammal            Summoning                    1
   b - Call Imp                       Summoning                    2
   c - Call Canine Familiar           Summoning                    3
   d - Summon Guardian Golem          Hexes/Summoning              3
   e - Summon Lightning Spire         Summoning/Air                4
   f - Summon Ice Beast               Ice/Summoning                4
Comestibles
 c - 2 meat rations
 l - 4 fruits


   Skills:
 + Level 1.4 Fighting
 + Level 1.8 Polearms
 + Level 1.4 Armour
 + Level 3.3 Dodging
 + Level 2.8 Stealth
 + Level 0.2 Unarmed Combat
 + Level 4.0 Spellcasting
 + Level 5.0 Summonings


You had 12 spell levels left.
You knew the following spells:

 Your Spells              Type           Power        Failure   Level  Hunger
a - Summon Small Mammal   Summ           ###.         30%         1    None


Dungeon Overview and Level Annotations

Branches:
Dungeon (5/15)
 Temple: D:4-7

Altars:
Ru

Shops:
D:4 %


Innate Abilities, Weirdness & Mutations

You are small and have problems with some larger weapons.
You are carnivorous and can eat meat at any time.


Message History

The ice beast hits you. The ice beast freezes you!
* * * LOW HITPOINT WARNING * * *
You hit the hound.
The hound is moderately wounded.
The hound bites you.
* * * LOW HITPOINT WARNING * * *
The crimson imp blinks!
The ice beast hits you but does no damage.
The hound bites you.
* * * LOW HITPOINT WARNING * * *
Unknown command.
You barely miss the hound.
The hound is moderately wounded.
The hound stops to sniff the ground.
You block the hound's attack.
The ice beast hits you but does no damage.
You barely miss the hound.
The hound is moderately wounded.
The hound bites you but does no damage. The hound bites you.
You die...

.# #####<.#
#...#..## #.#......
#.#.#... ########
###....######§5Y@hh#
............§§####J#
##....############§#
..............Jh§..#
###.##############.#
#.... #.# #.#Y#. ###
#.#.#.# # ..# #


You could see an ice beast, 2 hounds, a jelly and a crimson imp.

Vanquished Creatures
  An ogre (D:4)
  A bullfrog zombie (D:5)
  2 worker ants (D:5)
  2 adders (D:5)
  2 oozes (D:4)
  2 leopard geckos
  A ball python (D:1)
  4 bats (D:1)
  2 giant cockroaches (D:1)
  A goblin (D:1)
  2 hobgoblins
  6 jackals
  3 kobolds
  A quokka (D:4)
  A frilled lizard (D:4)
  2 rats (D:1)
33 creatures vanquished.

Vanquished Creatures (collateral kills)
  An ogre (D:4)
  A hound (D:4)
  2 worker ants
  2 adders
  An orc (D:5)
  2 giant cockroaches
  A goblin (D:1)
  2 hobgoblins (D:1)
  2 jackals (D:4)
  A bat (D:1)
  A rat (D:1)
16 creatures vanquished.

Grand Total: 49 creatures vanquished

Notes
Turn   | Place    | Note
-------+----------+-------------------------------------------
     0 | D:1      | Vemn the Kobold Summoner began the quest for the Orb.
     0 | D:1      | Reached XP level 1. HP: 10/10 MP: 3/3
   527 | D:1      | Reached XP level 2. HP: 15/15 MP: 3/5
  1103 | D:2      | Reached XP level 3. HP: 10/19 MP: 3/6
  1322 | D:2      | You fall through a shaft for 2 floors!
  1346 | D:4      | Found a sacrificial altar of Ru.
  1577 | D:4      | Reached XP level 4. HP: 17/24 MP: 2/8
  1767 | D:4      | Found Rane Xuf's Food Shoppe.
  1836 | D:4      | Reached skill level 1 in Polearms
  2141 | D:4      | Noticed an ogre
  2154 | D:4      | Killed an ogre
  2154 | D:4      | Reached skill level 1 in Fighting
  2154 | D:4      | Reached skill level 1 in Armour
  2154 | D:4      | Reached XP level 5. HP: 10/29 MP: 2/9
  2716 | D:4      | Noticed an ogre
  2723 | D:4      | Killed an ogre
  2723 | D:4      | Reached XP level 6. HP: 34/34 MP: 8/11
  2904 | D:5      | Entered Level 5 of the Dungeon
  3779 | D:5      | Reached skill level 5 in Summonings
  3907 | D:5      | Noticed an ice beast
  3936 | D:5      | HP: 1/34 [hound (5)]
  3938 | D:5      | Slain by a hound

Skill      XL: |  1  2  3  4  5  6 |
---------------+-------------------+-----
Dodging        | 3 |  3.3
Polearms       | 1 |  1.8
Fighting       | 1 |  1.4
Armour         | 1 |  1.4
Spellcasting   | 3 4 |  4.0
Summonings     | 5 |  5.0
Stealth        | |  2.8
Unarmed Combat | |  0.2

Action                   |  1- 3 |  4- 6 || total
-------------------------+-------+-------++-------
Melee: Spear             |   124 |   184 ||   308
       Unarmed           |     4 |       ||     4
 Cast: Summon Small Mamm |    27 |    48 ||    75
  Use: Potion            |     2 |     5 ||     7
       Scroll            |       |     4 ||     4
 Stab: Sleeping          |     1 |       ||     1
  Eat: Royal jelly       |     1 |       ||     1
       Meat ration       |     1 |     1 ||     2
       Chunk             |       |     1 ||     1
Armor: Robe              |     2 |       ||     2
       Scale mail        |    81 |   125 ||   206
Dodge: Dodged            |   106 |   111 ||   217
Block: Other             |    12 |    20 ||    32
